 Dungeon Crawl Stone Soup version 0.27.1-4-g1640c2035a (webtiles) character file.

Game seed: 17102807360647433118

76 bananovenc the Grasshopper (level 4, 0/38 HPs)
             Began as a Gnoll Warper on Nov 1, 2021.
             Slain by an orc (2 damage)
             ... on level 3 of the Dungeon.
             The game lasted 00:04:49 (2303 turns).

bananovenc the Grasshopper (Gnoll Warper)           Turns: 2303, Time: 00:04:49

Health: 0/38       AC:  3    Str: 12    XL:     4   Next: 32%
Magic:  6/11       EV: 12    Int: 12    God:
Gold:   80         SH:  0    Dex: 11    Spells: 5/13 levels left

rFire    . . .     SeeInvis .   h - +3 short sword
rCold    . . .     Faith    .   (no shield)
rNeg     . . .     Spirit   .   b - +0 leather armour
rPois    .         Reflect  .   (no helmet)
rElec    .         Harm     .   (no cloak)
rCorr    .         Rampage  .   (no gloves)
Will     .....                  (no boots)
Stlth    +.........             (no amulet)
HPRegen  0.12/turn              (no ring)
MPRegen  0.12/turn              (no ring)

@: mighty
A: fangs 1, strong nose, distributed training
a: no special abilities


You were on level 3 of the Dungeon.
You visited 1 branch of the dungeon, and saw 3 of its levels.

You collected 80 gold pieces.

Inventory:

Hand Weapons
 a - a +0 falchion
 h - a +3 short sword (weapon)
 m - a +0 antimagic trident
Missiles
 d - 5 boomerangs of dispersal
 e - 12 javelins
 f - a throwing net
 i - 107 stones (quivered)
Armour
 b - a +0 leather armour (worn)
Jewellery
 o - an amulet of magic regeneration
 p - a ring of fire
Scrolls
 c - a scroll of blinking
 j - 2 scrolls of identify
 n - a scroll of teleportation
Potions
 k - 2 potions of magic


   Skills:
 + Level 4.6 Fighting
 + Level 1.1 Short Blades
 + Level 4.6 Long Blades
 + Level 1.1 Axes
 + Level 1.1 Maces & Flails
 + Level 1.1 Polearms
 + Level 1.1 Staves
 + Level 1.1 Slings
 + Level 1.1 Bows
 + Level 1.1 Crossbows
 + Level 2.7 Throwing
 + Level 2.7 Armour
 + Level 4.6 Dodging
 + Level 1.1 Stealth
 + Level 1.1 Shields
 + Level 1.1 Unarmed Combat
 + Level 5.0 Spellcasting
 + Level 0.8 Conjurations
 + Level 0.8 Hexes
 + Level 0.8 Summonings
 + Level 0.8 Necromancy
 + Level 5.4 Translocations
 + Level 0.8 Transmutations
 + Level 0.8 Fire Magic
 + Level 0.8 Ice Magic
 + Level 0.8 Air Magic
 + Level 0.8 Earth Magic
 + Level 0.8 Poison Magic
 + Level 1.2 Invocations
 + Level 1.1 Evocations


You had 5 spell levels left.
You knew the following spells:

 Your Spells              Type           Power      Damage    Failure   Level
a - Blink                 Tloc           N/A        N/A       4%          2
b - Gell's Gravitas       Tloc           8%         N/A       8%          3
c - Teleport Other        Tloc           16%        N/A       8%          3

Your spell library contained the following spells:

 Spells                   Type           Power      Damage    Failure   Level
 Lesser Beckoning         Tloc           8%         N/A       8%          3
 Manifold Assault         Tloc           16%        N/A       58%         5


Dungeon Overview and Level Annotations

Branches:
Dungeon (3/15)

Altars:
Gozag
Makhleb
Uskayaw
Beogh


Innate Abilities, Weirdness & Mutations

You have very sharp teeth.
Your uncanny sense of smell can sniff out nearby items.
Your experience applies equally to all skills.


Message History

Casting: Blink (safe; 4% risk of failure)
Confirm with . or Enter, or press ? or * to list all spells.
Aiming: Gell's Gravitas (dangerous; 8% risk of failure)
Press: ? - help, Dir - move target, f - orc priest
Aim: an orc priest, wielding a +0 flail Gravity reorients around the orc priest.
The orc collides with the orc priest!
Casting: Gell's Gravitas (dangerous; 8% risk of failure)
Confirm with . or Enter, or press ? or * to list all spells.
Aiming: Gell's Gravitas (dangerous; 8% risk of failure)
Press: ? - help, Dir - move target, f/p - orc priest
Aim: an orc priest, wielding a +0 flail (lightly wounded) Gravity reorients around the orc priest.
The orc priest calls down the wrath of Beogh upon you.
Beogh smites you!
* * * LOW HITPOINT WARNING * * *
You feel better. The orc hits you with a +0 club. x2
There is an open door here.
You puncture the orc!
You kill the orc!
The orc completely misses you. The orc hits you with a +0 club.
* * * LOW HITPOINT WARNING * * *
The orc hits you with a +0 club.
* * * LOW HITPOINT WARNING * * *
The orc priest barely misses you. The orc hits you with a +0 club.
* * * LOW HITPOINT WARNING * * *
Things that are here:
a +0 whip; a +0 chain mail; an orc corpse You puncture the orc priest!
The orc priest is heavily wounded.
The orc hits you with a +0 club.
* * * LOW HITPOINT WARNING * * *
The orc priest misses you. The orc hits you with a +0 club.
* * * LOW HITPOINT WARNING * * *
It was a potion of might.
You feel very mighty all of a sudden. The orc barely misses you.
The orc priest closely misses you. The orc hits you with a +0 club.
You die...

..# # ..# ##.### ..#
##..... #.# #...###
#.# #...... #### #.#
#....## ##..$##### #.#
##.#.##
#$8.8o#..###.####.#.##
#_..o@'.......).....##
#$8$8o##.###.####.####
##$$.##..# #..# #.# #
#####.#.# ##.# #.# #
#.#.# .# #.# # #.# .#
#.# #.# .# #.. ∆ ...
.. .#


You could see an orc priest and 2 orcs.

Vanquished Creatures
  Jessica (D:3)
  A dart slug (D:2)
  2 orcs (D:3)
  4 ball pythons
  6 endoplasms
  2 giant cockroaches
  3 goblins
  4 hobgoblins
  2 jackals (D:1)
  7 kobolds
  A quokka (D:2)
  3 bats
  3 frilled lizards
  3 rats
42 creatures vanquished.

Notes
Turn   | Place    | Note
-------+----------+-------------------------------------------
     0 | D:1      | bananovenc the Gnoll Warper began the quest for the Orb.
     0 | D:1      | Reached XP level 1. HP: 20/20 MP: 6/6
   394 | D:1      | Reached XP level 2. HP: 17/26 MP: 7/7
   654 | D:1      | Found a faded altar of an unknown god.
  1277 | D:2      | Found a burning altar of Makhleb.
  1341 | D:2      | Reached XP level 3. HP: 31/31 MP: 9/9
  1348 | D:2      | Reached skill level 5 in Spellcasting
  1367 | D:2      | Learned a level 2 spell: Blink
  1371 | D:2      | Learned a level 3 spell: Gell's Gravitas
  1375 | D:2      | Learned a level 3 spell: Teleport Other
  2014 | D:3      | Reached skill level 1 in Invocations
  2078 | D:3      | Found an opulent altar of Gozag.
  2082 | D:3      | Found a hide-covered altar of Uskayaw.
  2272 | D:3      | Noticed Jessica
  2286 | D:3      | Killed Jessica
  2287 | D:3      | Reached skill level 1 in Short Blades
  2287 | D:3      | Reached skill level 1 in Axes
  2287 | D:3      | Reached skill level 1 in Maces & Flails
  2287 | D:3      | Reached skill level 1 in Polearms
  2287 | D:3      | Reached skill level 1 in Staves
  2287 | D:3      | Reached skill level 1 in Slings
  2287 | D:3      | Reached skill level 1 in Bows
  2287 | D:3      | Reached skill level 1 in Crossbows
  2287 | D:3      | Reached skill level 1 in Stealth
  2287 | D:3      | Reached skill level 1 in Shields
  2287 | D:3      | Reached skill level 1 in Unarmed Combat
  2287 | D:3      | Reached skill level 1 in Evocations
  2287 | D:3      | Reached XP level 4. HP: 24/38 MP: 11/11
  2303 | D:3      | Slain by an orc

Illustrated notes

Levels and vault maps discovered:
D:1:      saegor_arrival_simple_d, layout_basic, shapermc_ecumenical_altar_venn
D:2:      layout_loops_ring, basic_altar
D:3:      layout_loops_ring, grunt_temple_overflow_open, kennysheep_orc_chapel,
          uniq_jessica

Skill      XL: |  1  2  3 |
---------------+----------+-----
Spellcasting   | 5 |  5.0
Invocations    | 1 |  1.2
Short Blades   | 1 |  1.1
Axes           | 1 |  1.1
Maces & Flails | 1 |  1.1
Polearms       | 1 |  1.1
Staves         | 1 |  1.1
Slings         | 1 |  1.1
Bows           | 1 |  1.1
Crossbows      | 1 |  1.1
Stealth        | 1 |  1.1
Shields        | 1 |  1.1
Unarmed Combat | 1 |  1.1
Evocations     | 1 |  1.1
Fighting       | |  4.6
Long Blades    | |  4.6
Throwing       | |  2.7
Armour         | |  2.7
Dodging        | |  4.6
Conjurations   | |  0.8
Hexes          | |  0.8
Summonings     | |  0.8
Necromancy     | |  0.8
Translocations | |  5.4
Transmutations | |  0.8
Fire Magic     | |  0.8
Ice Magic      | |  0.8
Air Magic      | |  0.8
Earth Magic    | |  0.8
Poison Magic   | |  0.8

Action                   |  1- 3 |  4- 6 || total
-------------------------+-------+-------++-------
Melee: Falchion          |    14 |       ||    14
       Short sword       |   105 |     2 ||   107
       Bite              |     6 |       ||     6
Throw: Stone             |    11 |       ||    11
 Cast: Blink             |     1 |       ||     1
       Gell's Gravitas   |       |     2 ||     2
  Use: Scroll            |     4 |       ||     4
       Potion            |       |     2 ||     2
Armor: Leather armour    |    23 |       ||    23
Dodge: Dodged            |    64 |     5 ||    69
